 Dungeon Crawl Stone Soup version 0.30-a0-748-ge6a52f7cba (webtiles) character file.

Game seed: 1192453088348807857

47 Newt the Shooter (level 3, -3/21 HPs)
             Began as a Kobold Hunter on Feb 8, 2023.
             Slain by a gnoll sergeant
             ... wielding a +0 trident
              (10 damage)
             ... on level 3 of the Dungeon.
             The game lasted 00:01:07 (1553 turns).

Newt the Shooter (Kobold Hunter)                    Turns: 1553, Time: 00:01:08

Health: -3/21      AC:  3    Str:  8    XL:     3   Next: 97%
Magic:  3/3        EV: 14    Int: 10    God:
Gold:   104        SH:  0    Dex: 20    Spells: 2/2 levels left

rFire   . . .      SeeInvis .    a - +0 shortbow (flame)
rCold   . . .      Faith    .    (shield currently unavailable)
rNeg    . . .      Spirit   .    c - +0 leather armour
rPois   .          Reflect  .    (no helmet)
rElec   .          Harm     .    (no cloak)
rCorr   .          Rampage  .    (no gloves)
Will    .....                    (no boots)
Stlth   +++                      (no amulet)
HPRegen 0.23/turn                (no ring)
MPRegen 0.08/turn                (no ring)

@: no status effects
A: small, no large weapons, nightstalker 3
a: no special abilities


You were on level 3 of the Dungeon.
You visited 1 branch of the dungeon, and saw 3 of its levels.

You collected 104 gold pieces.

Inventory:

Hand Weapons
 a - a +0 shortbow of flaming (weapon)
Missiles
 e - a throwing net
Armour
 c - a +0 leather armour (worn)
Scrolls
 b - a scroll of immolation
Potions
 d - a potion of haste
 f - a potion of heal wounds {unknown}
 g - a potion of flight {unknown}
 h - a potion of attraction {unknown}
 j - a potion of lignification {unknown}
 k - a potion of mutation {unknown}
 m - 2 potions of curing {unknown}


   Skills:
 - Level 2.1 Fighting
 + Level 7.0 Ranged Weapons
 - Level 2.4 Dodging
 - Level 1.3 Stealth


You had 2 spell levels left.
You didn't know any spells.
Your spell library contained the following spells:

 Spells                   Type           Power      Damage    Failure   Level
 Lesser Beckoning         Tloc           0%         N/A       63%         2
 Gell's Gravitas          Tloc           0%         N/A       86%         3
 Teleport Other           Tloc           0%         N/A       86%         3


Dungeon Overview and Level Annotations

Branches:
Dungeon (3/15)

Altars:


Innate Abilities, Weirdness & Mutations

You are small and have problems with some larger weapons.
You are completely attuned to the shadows.


Message History

No target in view!
No target in view!
No target in view!
No target in view!
No target in view!
f - a red potion You now have 104 gold pieces (gained 15).
g - a fizzy golden potion No target in view!
A rat comes into view.
A rat is nearby!
You shoot an arrow. The arrow hits the rat!
The arrow burns the rat.
You kill the rat!
You hear a shout! x2
A bat comes into view.
The bat misses you.
A gnoll sergeant comes into view. It is wielding a +0 trident.
A gnoll sergeant opens the door.
The bat barely misses you.
You shoot an arrow. The arrow misses the bat.
The bat closely misses you.
You shoot an arrow.
The arrow hits the gnoll sergeant but does no damage.
The bat barely misses you.
A kobold comes into view. It is wielding a +0 short sword.
You shoot an arrow.
The arrow hits the gnoll sergeant but does no damage.
The bat hits you but does no damage.
The gnoll sergeant hits you from afar with a +0 trident.
The bat hits you.
You shoot an arrow. The arrow hits the bat.
The arrow burns the bat.
The bat is severely wounded.
The bat hits you but does no damage.
The gnoll sergeant completely misses you.
You shoot an arrow. The arrow hits the bat!
The arrow burns the bat.
You kill the bat!
The gnoll sergeant completely misses you.
You shoot an arrow. The arrow hits the gnoll sergeant.
The arrow burns the gnoll sergeant.
The gnoll sergeant is moderately wounded.
The gnoll sergeant hits you from afar with a +0 trident! x2
You die...

##########
...#####.........
#......##.#.#.####
#...........#.#
.#...#.##.###.#
..............#
####..#.####.###
#.@...#.# #.#
#.g.#...#.# #.#
.'##....#.####.######
. #.K...............
#......####.#####.
#...# #. #.#.# #.
#...# #. #####.## #.


You could see a gnoll sergeant and a kobold.

Vanquished Creatures
  3 adders (D:2)
  2 worms (D:2)
  An endoplasm (D:2)
  A hobgoblin (D:2)
  2 quokkas
  A ball python (D:1)
  4 bats
  2 frilled lizards
  3 rats
19 creatures vanquished.

Notes
Turn   | Place    | Note
-------+----------+-------------------------------------------
     0 | D:1      | Newt the Kobold Hunter began the quest for the Orb.
     0 | D:1      | Reached XP level 1. HP: 12/12 MP: 1/1
   559 | D:1      | Found a faded altar of an unknown god.
   916 | D:2      | Reached skill level 6 in Ranged Weapons
   916 | D:2      | Reached XP level 2. HP: 17/17 MP: 2/2
  1050 | D:2      | Reached XP level 3. HP: 21/21 MP: 3/3
  1323 | D:2      | Reached skill level 7 in Ranged Weapons
  1547 | D:3      | Noticed a gnoll sergeant
  1553 | D:3      | Slain by a gnoll sergeant

Illustrated notes

Levels and vault maps discovered:
D:1:      erik_arrival_triangle_large, layout_loops_cross,
          ebering_ecumenical_altar_rust
D:2:      layout_rooms
D:3:      layout_loops_ring, overflow_temple_1_default,
          minmay_fractal_squares_diagonal_5, uniq_jessica,
          uniq_crazy_yiuf_cottage

Skill      XL: |  1  2  3 |
---------------+----------+-----
Ranged Weapons | 6 7 |  7.0
Fighting       | |  2.1
Dodging        | |  2.4
Stealth        | |  1.3

Action                     || total
---------------------------++-------
   Fire: Shortbow          ||    50
    Use: Scroll            ||     7
 Armour: Leather armour    ||     4
  Dodge: Dodged            ||    16

Table legend: (Time is in decaauts)
 A = Elapsed time spent in this place.
 B = Non-inter-level travel time spent in this place.
 C = Inter-level travel time spent in this place.
 D = Time resting spent in this place.
 E = Time spent auto-exploring this place.
 F = Levels seen in this place.
 G = Mean time per level.
                   A        B        C        D        E       F      G
               +--------+--------+--------+--------+--------+-----+--------+
         Total |   1563 |   1452 |    111 |     70 |   1256 |   3 |  521.0 |
       Dungeon |   1563 |   1452 |    111 |     70 |   1256 |   3 |  521.0 |
               +--------+--------+--------+--------+--------+-----+--------+

Top non-repeatable levels by time:
     D:1: 859 daAuts
     D:2: 593 daAuts
     D:3: 110 daAuts
